 Dungeon Sprint DCSS version 0.16-a0-4038-ge07a62f (webtiles) character file.

0 Duskembrace the Insei (level 1, 0/15 HPs)
             Began as a Merfolk Transmuter on Feb 19, 2015.
             Was an Initiate of Sif Muna.
             Killed by divine providence
             ... invoked by an orc priest
              (15 damage)
             ... in the Dungeon (Sprint V: "Ziggurat Sprint").
             The game lasted 00:01:57 (74 turns).

Duskembrace the Insei (Merfolk Transmuter)            Turns: 74, Time: 00:01:58

Health: 0/15       AC: 19    Str: 10    XL:     1   Next: 0%
Magic:  1/3        EV: -4    Int: 12    God:    Sif Muna [......]
Gold:   0          SH:  0    Dex: 26    Spells: 1 memorised, 3 levels left

rFire  . . .     SeeInvis .       - Unarmed
rCold  . . .     Clarity  .     y - +5 crystal plate armour
rNeg   . . .     SustAb   .     (no shield)
rPois  .         Gourm    .     (no helmet)
rElec  .         Spirit   .     (no cloak)
rCorr  .         Warding  .     (no gloves)
rMut   .         NoTele   +     (no boots)
MR     .....                    (no amulet)
Stlth  ..........               H - +6 ring of dexterity
                                G - +6 ring of dexterity

@: very slightly contaminated, not resistant to hostile enchantments, extremely
unstealthy
A: change form in water, swift swim
a: Renounce Religion


You were in the Dungeon.
You worshipped Sif Muna.
Sif Muna was noncommittal.
You were not hungry.

You visited 1 branch

Inventory:

Missiles
 b - 12 arrows
Armour
 c - a +0 robe
 y - a +5 crystal plate armour (worn)
 B - a +5 storm dragon armour
Jewellery
 G - a +6 ring of dexterity (left hand)
 H - a +6 ring of dexterity (right hand)
 I - a +6 ring of intelligence
 J - a +6 ring of intelligence
 K - a +6 ring of strength
 L - a +6 ring of strength
Magical devices
 C - a wand of disintegration (7)
 D - a wand of fire (5)
 E - a wand of cold (5)
 F - a wand of draining (5)
Scrolls
 j - 4 scrolls of blinking
 r - 4 scrolls of amnesia
 s - 3 scrolls of recharging
 t - 7 scrolls of fog
 u - a scroll of holy word
 v - 5 scrolls of identify
 w - 5 scrolls of remove curse
 x - 2 scrolls of fear
Potions
 e - 10 potions of curing
 f - 10 potions of heal wounds
 g - 6 potions of haste
 h - 7 potions of magic
 i - 3 potions of berserk rage
 k - 2 potions of brilliance
 l - 2 potions of invisibility
 m - 2 potions of restore abilities
 n - 4 potions of resistance
 o - a potion of experience
 p - 5 potions of agility
 q - 5 potions of might
Books
 d - a book of Changes

   Spells                             Type                      Level
   a - Beastly Appendage              Transmutation                1
   b - Sticks to Snakes               Transmutation                2
   c - Spider Form                    Transmutation/Poison         3
   d - Ice Form                       Ice/Transmutation            4
   e - Blade Hands                    Transmutation                5
Miscellaneous
 M - a disc of storms
Comestibles
 a - 5 bread rations
 z - 42 fruits
 A - 4 meat rations


   Skills:
 - Level 1.1 Fighting
 + Level 2.6 Dodging
 + Level 3.2 Unarmed Combat
 + Level 2.0 Spellcasting
 + Level 2.6 Transmutations


You had 3 spell levels left.
You knew the following spells:

 Your Spells              Type           Power        Failure   Level  Hunger
a - Beastly Appendage     Trmt           #.....       100%        1    ##.....


Dungeon Overview and Level Annotations

Branches:
Dungeon (1/1)

Altars:
Ashenzari
Cheibriados
Dithmenos
Elyvilon
Fedhas
Gozag
Kikubaaqudgha
Makhleb
Nemelex Xobeh
Okawaru
Qazlal
Ru
Sif Muna
Trog
Vehumet
Xom
Yredelemnul
Zin
The Shining One
Beogh
Jiyva
Lugonu


Message History

Casting: Beastly Appendage
Confirm with . or Enter, or press ? or * to list all spells.
You miscast Beastly Appendage.
You are very lightly contaminated with residual magic.
Waves of light ripple over your body.
Your surroundings seem different!
Welcome to arena 1. 2 orc priests come into view.
The orc priest shouts! x2
Found two items.
Casting: Beastly Appendage
Confirm with . or Enter, or press ? or * to list all spells.
You miscast Beastly Appendage.
You smell something strange.
You completely miss the orc priest.
The orc priest prays to Beogh.
You feel a wave of unholy energy pass over you.
The orc priest hits you but does no damage.
The orc priest invokes the aid of Beogh against you.
Something smites you!
Ouch! That really hurt!
You die...

▓▓▓▓▓▓▓
▓.8©8.▓
▓.....▓
▓.[.).▓
▓..o..▓
▓..o..▓
▓..@..▓
▓▓▓▓▓▓▓


You could see 2 orc priests.

Vanquished Creatures (others)
  A spatial maelstrom (D)
1 creature vanquished.

Notes
Turn   | Place    | Note
--------------------------------------------------------------
     0 | D        | Duskembrace, the Merfolk Transmuter, began the quest for the Orb.
     0 | D        | Reached XP level 1. HP: 15/15 MP: 3/3
     0 | D        | Found a viscous altar of Jiyva.
     0 | D        | Found a corrupted altar of Lugonu.
     0 | D        | Found a white marble altar of Elyvilon.
     1 | D        | Found a burning altar of Makhleb.
     1 | D        | Found an iron altar of Okawaru.
     3 | D        | Found a sparkling altar of Nemelex Xobeh.
     3 | D        | Found a basalt altar of Yredelemnul.
     3 | D        | Found a deep blue altar of Sif Muna.
     3 | D        | Found a radiant altar of Vehumet.
     4 | D        | Banished a spatial maelstrom
    47 | D        | Found a bloodstained altar of Trog.
    65 | D        | Became a worshipper of Sif Muna the Loreminder
    70 | D        | Found a shimmering altar of Xom.
    72 | D        | Entered arena 1.
    72 | D        | Noticed an orc priest
    72 | D        | Noticed an orc priest
    74 | D        | Killed from afar by an orc priest

Action                   || total
-------------------------++-------
Melee: Unarmed           ||     1
